 Dungeon Crawl Stone Soup version 0.29-a0-210-g9445043ebc (webtiles) character file.

Game seed: 2776027157701428486

347 HotDog the Covered (level 6, -1/55 HPs)
             Began as a Minotaur Fighter on Feb 24, 2022.
             Succumbed to a water moccasin's poison
             ... on level 3 of the Dungeon.
             The game lasted 00:03:13 (1636 turns).

HotDog the Covered (Minotaur Fighter)               Turns: 1636, Time: 00:03:14

Health: -1/55      AC: 10    Str: 23    XL:     6   Next: 33%
Magic:  4/6        EV: 10    Int:  5    God:
Gold:   205        SH:  4    Dex:  9    Spells: 5/5 levels left

rFire   . . .      SeeInvis .   a - +0 long sword
rCold   . . .      Faith    .   c - +0 buckler
rNeg    . . .      Spirit   .   b - +0 scale mail
rPois   .          Reflect  .   (helmet restricted)
rElec   .          Harm     .   e - +1 cloak
rCorr   .          Rampage  .   k - +0 pair of gloves
Will    .....                   (no boots)
Stlth   ..........              (no amulet)
HPRegen 0.18/turn               (no ring)
MPRegen 0.10/turn               (no ring)

@: mighty, lethally poisoned (-1 -> -12)
A: horns 2, retaliatory headbutt
a: no special abilities


You were on level 3 of the Dungeon.
You visited 1 branch of the dungeon, and saw 3 of its levels.

You collected 205 gold pieces.

Inventory:

Hand Weapons
 a - a +0 long sword (weapon)
Armour
 b - a +0 scale mail (worn)
 c - a +0 buckler (worn)
 e - a +1 cloak (worn)
 k - a +0 pair of gloves (worn)
Scrolls
 h - a scroll of immolation
Potions
 l - 2 potions of invisibility {unknown}


   Skills:
 * Level 4.9 Fighting
 * Level 4.5 Long Blades
 * Level 5.4 Armour
 * Level 1.7 Dodging
 + Level 0.1 Stealth
 * Level 4.5 Shields
 * Level 1.3 Invocations


You had 5 spell levels left.
You didn't know any spells.
Your spell library contained the following spells:

 Spells                   Type           Power      Damage    Failure   Level
 Tukima's Dance           Hex            0%         N/A       99%         3
 Passage of Golubria      Tloc           0%         N/A       100%        4
 Yara's Violent Unravell  Hex/Tmut       0%         3d3       100%        5
 Chain Lightning          Conj/Air       0%         N/A       100%        9
 Fire Storm               Conj/Fire      0%         5d1       100%        9
 Shatter                  Erth           0%         3d5*      100%        9


Dungeon Overview and Level Annotations

Branches:
Dungeon (3/15)

Altars:

Shops:
D:2 ?


Innate Abilities, Weirdness & Mutations

You have a pair of horns on your head.
You reflexively headbutt those who attack you in melee.


Message History

You feel much better.
You feel sick. The water moccasin bites you.
You are more poisoned.
The water moccasin poisons you!
You miss the water moccasin.
The water moccasin is heavily wounded.
You feel very sick. The water moccasin closely misses you.
The water moccasin bites you but does no damage.
You hit the water moccasin.
The water moccasin is severely wounded.
You feel very sick. The water moccasin bites you.
* * * LOW HITPOINT WARNING * * *
You block the water moccasin's attack.
You feel much better.
You feel very sick. The water moccasin bites you!
You feel very mighty all of a sudden.
You feel very sick. The water moccasin bites you.
You are lethally poisoned!
The water moccasin poisons you! The water moccasin misses you.
You slash the water moccasin!
You kill the water moccasin!
* * * LOW HITPOINT WARNING * * *
You feel extremely sick.
You have reached level 6!
You slash the quokka!
You kill the quokka!
* * * LOW HITPOINT WARNING * * *
You feel very sick. The adder closely misses you.
You hit the adder. Your headbutt misses the adder.
The adder is heavily wounded.
* * * LOW HITPOINT WARNING * * *
You feel very sick. The adder bites you but does no damage.
You slash the adder!
You kill the adder!
You die...

#.# ### ....... #.# #..
....... #.# #####.# .......
#.# ### #...#.## .......##
#.# #.###.#.#..# #........
#.####.....#....# #.......#
#.##...#######..#
#.......###.....)..#.###..#
........g†@..#.##.##.......
#.#####.####.#.# .##.######
.... ..#.. .##.#
#..g##########.##.######
..... ####....... .##...
#...######. ....
#.#.####.#. ####.
#.#......#. #.#....)...


You could see a goblin.

Vanquished Creatures
  Sigmund (D:2)
  A water moccasin (D:3)
  Terence (D:2)
  Natasha (D:2)
  2 adders
  4 ball pythons
  4 endoplasms
  A giant cockroach (D:2)
  3 goblins
  5 hobgoblins
  2 quokkas
  2 bats
  6 frilled lizards
  3 kobolds
  A rat (D:1)
37 creatures vanquished.

Notes
Turn   | Place    | Note
-------+----------+-------------------------------------------
     0 | D:1      | HotDog the Minotaur Fighter began the quest for the Orb.
     0 | D:1      | Reached XP level 1. HP: 19/19 MP: 0/0
   399 | D:1      | Reached XP level 2. HP: 27/27 MP: 1/1
   553 | D:1      | You fall into a shaft and drop 1 floor!
   554 | D:2      | Found Biat's Magic Scroll Shop.
   663 | D:1      | Found a faded altar of an unknown god.
   814 | D:2      | Reached skill level 4 in Armour
  1014 | D:2      | Noticed Sigmund
  1025 | D:2      | Killed Sigmund
  1026 | D:2      | Reached skill level 5 in Armour
  1026 | D:2      | Reached skill level 1 in Dodging
  1026 | D:2      | Reached skill level 1 in Invocations
  1026 | D:2      | Reached XP level 3. HP: 19/34 MP: 2/2
  1026 | D:2      | Reached XP level 4. HP: 24/41 MP: 3/3
  1026 | D:2      | Reached XP level 5. HP: 27/47 MP: 4/4
  1316 | D:2      | Noticed Natasha
  1326 | D:2      | Killed Natasha
  1388 | D:2      | Noticed Terence
  1400 | D:2      | Killed Terence
  1614 | D:3      | Noticed a water moccasin
  1633 | D:3      | Killed a water moccasin
  1634 | D:3      | Reached XP level 6. HP: 12/55 MP: 4/6
  1636 | D:3      | Succumbed to a water moccasin's poison

Illustrated notes

Levels and vault maps discovered:
D:1:      lemuel_arrival_funnel, layout_loops_ring,
          hellmonk_ecumenical_altar_inner_sanctum
D:2:      minmay_door_path, layout_rooms, serial_shops, shop_coins,
          uniq_sigmund, uniq_terence, uniq_natasha
D:3:      layout_basic, gammafunk_ghost_cemetery, cheibrodos_sewer_entry_bend,
          uniq_crazy_yiuf_cottage, uniq_grinder, uniq_ijyb

Skill      XL: |  1  2  3  4  5 |
---------------+----------------+-----
Fighting       | 4 |  4.9
Armour         | 5 |  5.4
Long Blades    | 3 4 |  4.5
Dodging        | 1 |  1.7
Shields        | 4 |  4.5
Invocations    | 1 |  1.3
Stealth        | |  0.1

Action                   |  1- 3 |  4- 6 || total
-------------------------+-------+-------++-------
Melee: Long sword        |    54 |    49 ||   103
       Headbutt          |     9 |     4 ||    13
  Use: Scroll            |       |     4 ||     4
       Potion            |       |     3 ||     3
Armor: Scale mail        |    21 |    24 ||    45
Dodge: Dodged            |    21 |    23 ||    44
Block: Buckler           |    11 |     9 ||    20

Table legend: (Time is in decaauts)
 A = Elapsed time spent in this place.
 B = Non-inter-level travel time spent in this place.
 C = Inter-level travel time spent in this place.
 D = Time resting spent in this place.
 E = Time spent auto-exploring this place.
 F = Levels seen in this place.
 G = Mean time per level.
                   A        B        C        D        E       F      G
               +--------+--------+--------+--------+--------+-----+--------+
         Total |   1664 |   1630 |     34 |    130 |   1139 |   3 |  554.7 |
       Dungeon |   1664 |   1630 |     34 |    130 |   1139 |   3 |  554.7 |
               +--------+--------+--------+--------+--------+-----+--------+

Top non-repeatable levels by time:
     D:2: 848 daAuts
     D:1: 717 daAuts
     D:3: 98 daAuts
